 Dungeon Crawl Stone Soup version 0.19-a0-1341-g3513869 (webtiles) character file.

19372 inmateoo the Carver (level 12, -2/106 HPs)
             Began as a Mottled Draconian Fighter on Sept 1, 2016.
             Was a High Priest of Okawaru.
             Killed from afar by a frost giant (31 damage)
             ... with a bolt of cold
             ... on level 12 of the Dungeon.
             The game lasted 00:26:00 (13391 turns).

inmateoo the Carver (Mottled Draconian Fighter)    Turns: 13391, Time: 00:26:01

Health: -2/106     AC: 14    Str: 28    XL:     12   Next: 36%
Magic:  0/17       EV: 23    Int: 13    God:    Okawaru [*****.]
Gold:   839        SH: 14    Dex: 18    Spells: 1 memorised, 17 levels left

rFire  + . .     SeeInvis .     n - +1 double sword (holy)
rCold  . . .     Gourm    .     (armour unavailable)
rNeg   . . .     Faith    .     b - +0 shield
rPois  +         Spirit   +     (helmet restricted)
rElec  .         Dismiss  .     F - +2 cloak "Teiwais" {rPois rF+ Str+4 Stlth-}
rCorr  +         Reflect  .     k - +2 pair of gloves {Dex+3}
MR     +....     Harm     .     (no boots)
Stlth  ++........ Clarity  +    E - amulet of guardian spirit Rnd*Tele +
                                w - ring of resist corrosion
                                p - ring of protection from magic

@: mighty, heroism
A: breathe sticky flame splash, unfitting armour, antennae 1, clarity, clever 2,
teleportitis 1, wild magic 1, cold-blooded, MP-powered wands, AC +8
a: Breathe Sticky Flame, Heroism, Finesse, Renounce Religion


You were on level 12 of the Dungeon.
You worshipped Okawaru.
Okawaru was extremely pleased with you.
You were hungry.

You visited 2 branches of the dungeon, and saw 13 of its levels.

You collected 890 gold pieces.
You spent 51 gold pieces at shops.

Inventory:

Hand Weapons
 n - a +1 double sword of holy wrath (weapon)
 N - a +2 flail of holy wrath
Missiles
 t - a throwing net (quivered)
Armour
 b - a +0 shield (worn)
 k - a +2 pair of gloves of dexterity (worn)
 F - the +2 cloak "Teiwais" (worn) {rPois rF+ Str+4 Stlth-}
   (You found it on level 12 of the Dungeon)

   It affects your strength (+4).
   It protects you from fire.
   It protects you from poison.
   It makes you less stealthy.
Magical Staves
 H - an uncursed staff of conjuration
Jewellery
 a - an uncursed ring of flight
 p - a ring of protection from magic (left hand)
 w - a ring of resist corrosion (right hand)
 E - an amulet of guardian spirit (around neck)
Wands
 s - a wand of slowing (13/48)
 y - a wand of polymorph (0/24)
 A - a wand of lightning (9/15)
 C - a wand of confusion (10/48)
 G - a wand of acid (6/15)
 L - a wand of lightning (1/15)
Scrolls
 h - a scroll of identify
 j - 2 scrolls of noise
 l - 2 scrolls of amnesia
 o - 9 scrolls of remove curse
 q - a scroll of immolation
 K - a scroll of magic mapping
Potions
 e - a potion of invisibility
 g - a potion of brilliance
 i - 2 potions of lignification
 m - 2 potions of heal wounds
 r - a potion of haste
 D - 5 potions of curing
 I - 2 potions of flight
Books
 v - a book of Maledictions

   Spells                             Type                      Level
   a - Corona                         Hexes                        1
   b - Ensorcelled Hibernation        Hexes/Ice                    2
   c - Confuse                        Hexes                        3
   d - Tukima's Dance                 Hexes                        3
   e - Dazzling Spray                 Conjuration/Hexes            3
 B - a book of Changes

   Spells                             Type                      Level
   a - Beastly Appendage              Transmutation                1
   b - Sticks to Snakes               Transmutation                2
   c - Spider Form                    Transmutation/Poison         3
   d - Ice Form                       Ice/Transmutation            4
   e - Blade Hands                    Transmutation                5
 J - a book of the Warp

   Spells                             Type                      Level
   a - Gell's Gravitas                Hexes/Translocation          3
   b - Force Lance                    Conjuration/Translocation    4
   c - Summon Forest                  Summoning/Translocation      5
   d - Dispersal                      Translocation                6
   e - Controlled Blink               Translocation                8
   f - Disjunction                    Translocation                8
Comestibles
 c - 14 fruits
 d - 11 bread rations
 f - 9 meat rations
 z - 5 beef jerkies


   Skills:
 + Level 9.8(14.8) Fighting
 * Level 13.5(18.5) Long Blades
 + Level 9.4(14.4) Dodging
 + Level 6.7(11.7) Shields
 + Level 3.6 Spellcasting
 + Level 4.4 Invocations


You had 17 spell levels left.
You knew the following spells:

 Your Spells              Type           Power        Failure   Level  Hunger
a - Corona                Hex            #......      47%         1    #......


Dungeon Overview and Level Annotations

Branches:
Dungeon (12/15)            Temple (1/1) D:7            Lair (0/6) D:11
    Orc (0/2) D:9

Altars:
Ashenzari
Cheibriados
Dithmenos
Elyvilon
Fedhas
Gozag
Hepliaklqana
Kikubaaqudgha
Makhleb
Nemelex Xobeh
Okawaru
Qazlal
Ru
Sif Muna
Trog
Uskayaw
Vehumet
Xom
Yredelemnul
Zin
The Shining One
Beogh

Shops:
D:9 !   D:11 (

Annotations:
D:11 exclusion: hydra


Innate Abilities, Weirdness & Mutations

You can spit globs of burning liquid.
You can ignite nearby creatures when you spit burning liquid.
Your weird mottled scales are hard. (AC +8)
Your body does not fit into most forms of armour.
You are cold-blooded and may be slowed by cold attacks.
You have a pair of small antennae on your head.
You possess an exceptional clarity of mind.
Your mind is very acute. (Int +4)
You are occasionally teleported next to monsters.
Your spells are a little harder to cast, but a little more powerful.
You expend magic power (3 MP) to strengthen your wands.


Message History

Unknown command.
You slash the frost giant!
The frost giant is heavily wounded.
The frost giant gestures at you while chanting.
The bolt of cold hits you!
* * * LOW HITPOINT WARNING * * *
Unknown command.
You hit the frost giant. You tail-slap the frost giant.
The frost giant is severely wounded.
Unknown command.
You slice the frost giant!!
The frost giant is severely wounded.
The frost giant points at you and mumbles some strange words.
The bolt of cold misses you.
Unknown command.
You slice the frost giant!!
The frost giant is almost dead.
The frost giant casts a spell at you. The bolt of cold hits you!
You die...

### ##:##
#(.%#
#$C)# #@#
{ ###'###
##.....##
#...[.).#
#.......#
##.....##
###+###


You could see a frost giant.

Vanquished Creatures
  A death knight (D:12)
  A centaur warrior (D:12)
  A tengu warrior (D:12)
  2 unseen horrors
  2 hill giants (D:11)
  2 phantasmal warriors (D:12)
  2 ugly things (D:12)
  A deep elf mage (D:12)
  2 cyclopes
  A gargoyle (D:11)
  2 freezing wraiths (D:12)
  A troll (D:9)
  A two-headed ogre (D:9)
  The ghost of azzavlup the Skirmisher, an amateur VSFi (D:4)
  11 yaks
  2 wraiths (D:12)
  4 hungry ghosts
  2 steam dragons (D:7)
  A vampire mosquito (D:12)
  A mottled dragon (D:9)
  3 wargs (D:11)
  2 sky beasts
  9 orc warriors
  A wasp (D:12)
  4 ice beasts
  2 necrophages (D:10)
  17 ogres
  3 phantoms
  7 centaurs
  A crocodile (D:11)
  6 big kobolds
  7 giant frogs
  2 gnoll sergeants (D:9)
  2 scorpions
  7 wights
  6 killer bees
  3 howler monkeys
  3 giant frog zombies
  4 crimson imps
  3 centaur zombies
  2 quasits
  Crazy Yiuf (D:7)
  4 jellies
  9 orc wizards
  9 orc priests
  2 centaur skeletons
  9 hounds
  Jessica (D:3)
  4 iguanas
  Terence (D:2)
  8 worker ants
  A killer bee zombie (D:10)
  A hound skeleton (D:4)
  2 howler monkey zombies
  A gnoll (D:9)
  15 adders
  3 shadow imps
  2 adder skeletons
  2 adder zombies (D:7)
  2 worms
  2 dart slugs (D:1)
  4 giant geckos
  56 orcs
  3 ball pythons
  5 giant cockroaches
  4 hobgoblins
  2 jackals (D:1)
  4 quokkas
  4 bats
  A giant newt (D:1)
  5 goblins
  A jackal skeleton (D:5)
  20 kobolds
  A quokka zombie (D:9)
  11 rats
  15 plants (D:11)
350 creatures vanquished.

Notes
Turn   | Place    | Note
-------+----------+-------------------------------------------
     0 | D:1      | inmateoo the Draconian Fighter began the quest for the Orb.
     0 | D:1      | Reached XP level 1. HP: 19/19 MP: 1/1
    75 | D:2      | Reached XP level 2. HP: 26/26 MP: 2/2
    78 | D:3      | Noticed Terence
    93 | D:2      | Killed Terence
    93 | D:2      | Reached skill level 3 in Long Blades
    93 | D:2      | Reached XP level 3. HP: 13/31 MP: 3/3
   326 | D:4      | Noticed an ogre
   337 | D:4      | Killed an ogre
   337 | D:4      | Reached skill level 4 in Long Blades
   337 | D:4      | Reached XP level 4. HP: 31/38 MP: 4/4
   346 | D:4      | Noticed azzavlup's ghost (amateur VSFi)
   360 | D:3      | Reached XP level 5. HP: 31/45 MP: 5/5
   389 | D:3      | Found a burning altar of Makhleb.
   389 | D:3      | Found a basalt altar of Yredelemnul.
   427 | D:3      | Noticed a hand axe
   427 | D:3      | Noticed a hand axe
   430 | D:3      | Found a hide-covered altar of Uskayaw.
   449 | D:3      | Reached skill level 5 in Long Blades
   979 | D:3      | Found a shattered altar of Ashenzari.
  1018 | D:3      | Noticed Jessica
  1026 | D:3      | Killed Jessica
  1026 | D:3      | Reached XP level 6. HP: 51/51 MP: 6/6
  1230 | D:4      | Reached skill level 6 in Long Blades
  1437 | D:3      | Your scales start taking on a weird mottled colour.
  1437 | D:3      | Reached XP level 7. HP: 26/57 MP: 7/7
  1876 | D:4      | Killed azzavlup's ghost
  1876 | D:4      | Reached skill level 5 in Dodging
  2270 | D:5      | Entered Level 5 of the Dungeon
  2283 | D:5      | Reached skill level 7 in Long Blades
  2582 | D:5      | Noticed a hungry ghost
  2610 | D:5      | Killed a hungry ghost
  2693 | D:5      | Reached XP level 8. HP: 61/66 MP: 8/8
  2718 | D:5      | Reached skill level 8 in Long Blades
  3027 | D:6      | Found a radiant altar of Vehumet.
  3305 | D:6      | Found a snail-covered altar of Cheibriados.
  3541 | D:6      | Reached skill level 5 in Fighting
  3865 | D:6      | Reached skill level 9 in Long Blades
  4428 | D:7      | Gained mutation: You expend magic power (3 MP) to strengthen your wands. [mutagenic meat]
  4431 | D:7      | Gained mutation: You are occasionally teleported next to monsters. [mutagenic meat]
  4434 | D:7      | Gained mutation: You are robust. (+10% HP) [mutagenic meat]
  4437 | D:7      | Gained mutation: You have a pair of small antennae on your head. [mutagenic meat]
  4463 | D:7      | Found a staircase to the Ecumenical Temple.
  4469 | D:7      | Found a blossoming altar of Fedhas.
  4500 | Temple   | Entered the Ecumenical Temple
  4542 | Temple   | Became a worshipper of Warmaster Okawaru
  4831 | D:2      | You fall through a shaft!
  5654 | D:7      | Reached XP level 9. HP: 73/81 MP: 9/9
  6054 | D:7      | Found a runed door.
  6098 | D:7      | Identified a scroll of acquirement
  6137 | D:7      | Noticed Crazy Yiuf
  6142 | D:7      | Killed Crazy Yiuf
  6525 | D:7      | Reached * piety under Okawaru
  6787 | D:7      | Found a white marble altar of Elyvilon.
  6787 | D:7      | Found a glowing silver altar of Zin.
  6788 | D:7      | Found a glowing golden altar of the Shining One.
  6828 | D:8      | Gained mutation: You possess an exceptional clarity of mind. [mutagenic meat]
  6831 | D:8      | Gained mutation: Your body sometimes deteriorates upon taking damage. [mutagenic meat]
  6834 | D:8      | Gained mutation: Your spells are a little harder to cast, but a little more powerful. [mutagenic meat]
  6837 | D:8      | Gained mutation: Your flesh is cold resistant. (rC+) [mutagenic meat]
  6840 | D:8      | Gained mutation: Scrolls take you a little longer to read. [mutagenic meat]
  7026 | D:8      | Reached skill level 10 in Long Blades
  7394 | D:8      | Found an opulent altar of Gozag.
  7459 | D:8      | Found a deep blue altar of Sif Muna.
  7513 | D:8      | Reached ** piety under Okawaru
  7678 | D:8      | Gained mutation: You are very robust. (+20% HP) [potion of mutation]
  7936 | D:9      | Reached XP level 10. HP: 103/103 MP: 10/10
  7980 | D:9      | Reached skill level 11 in Long Blades
  8060 | D:9      | Found Ufuteora's Distillery.
  8125 | D:9      | Bought a potion of lignification for 51 gold pieces
  8237 | D:9      | Noticed a moth of wrath
  8240 | D:9      | Found a bloodstained altar of Trog.
  8376 | D:9      | Found a staircase to the Orcish Mines.
  8383 | D:9      | Reached *** piety under Okawaru
  8905 | D:10     | Entered Level 10 of the Dungeon
  9020 | D:10     | Reached skill level 12 in Long Blades
  9032 | D:10     | Reached **** piety under Okawaru
  9510 | D:10     | Reached XP level 11. HP: 107/114 MP: 11/11
  9540 | D:10     | Found a roughly hewn altar of Beogh.
  9966 | D:10     | Learned a level 1 spell: Corona
 10201 | D:10     | Reached skill level 5 in Shields
 10542 | D:11     | Found Hyarphoeg's Weapon Emporium.
 10568 | D:11     | Noticed a four-headed hydra
 10588 | D:11     | Found a staircase to the Lair.
 10601 | D:11     | Reached skill level 1 in Spellcasting
 10615 | D:11     | Reached skill level 1 in Invocations
 10826 | D:11     | Lost mutation: Your body sometimes deteriorates upon taking damage. [potion of cure mutation]
 10826 | D:11     | Lost mutation: Your flesh is cold resistant. (rC+) [potion of cure mutation]
 10826 | D:11     | Lost mutation: You are very robust. (+20% HP) [potion of cure mutation]
 10826 | D:11     | Lost mutation: You are robust. (+10% HP) [potion of cure mutation]
 10826 | D:11     | Lost mutation: Scrolls take you a little longer to read. [potion of cure mutation]
 10827 | D:11     | Gained mutation: Your mind is acute. (Int +2) [potion of beneficial mutation]
 10882 | D:11     | Noticed an unseen horror
 10882 | D:11     | Killed an unseen horror
 11052 | D:11     | Noticed a hill giant
 11054 | D:11     | Noticed a hill giant
 11066 | D:11     | Killed a hill giant
 11183 | D:11     | Killed a hill giant
 11183 | D:11     | Reached ***** piety under Okawaru
 12161 | D:11     | Found a sacrificial altar of Ru.
 12293 | D:12     | Noticed a red ugly thing
 12304 | D:12     | Killed a red ugly thing
 12470 | D:12     | Noticed a deep elf mage
 12480 | D:12     | Noticed a centaur warrior
 12483 | D:12     | Killed a deep elf mage
 12483 | D:12     | Reached skill level 13 in Long Blades
 12495 | D:12     | Killed a centaur warrior
 12495 | D:12     | Received a gift from Okawaru
 12510 | D:12     | Got a fine dagger
 12540 | D:10     | Identified the cursed +0 dagger of Ywno {venom, Str+3} (You found it on level 12 of the Dungeon)
 12710 | D:12     | Noticed a storm dragon
 12725 | D:12     | Noticed a yaktaur captain
 12751 | D:12     | Noticed a phantasmal warrior
 12754 | D:12     | Killed a phantasmal warrior
 12754 | D:12     | Reached XP level 12. HP: 21/105 MP: 1/16
 13163 | D:12     | Noticed a death knight
 13178 | D:12     | Killed a death knight
 13330 | D:12     | Noticed a tengu warrior
 13346 | D:12     | Killed a tengu warrior
 13362 | D:12     | Got a polished cloak
 13373 | D:12     | Identified the +2 cloak "Teiwais" {rPois rF+ Str+4 Stlth-} (You found it on level 12 of the Dungeon)
 13377 | D:12     | Gained mutation: Your mind is very acute. (Int +4) [mutagenic meat]
 13381 | D:12     | Noticed a frost giant
 13391 | D:12     | Killed from afar by a frost giant

Vault maps used:
D:1:      wheals_arrival_shading
D:3:      lemuel_round_altar, grunt_temple_overflow_open,
          dancing_weapons_uskayaw, uniq_terence, uniq_jessica
D:4:      first_bread, kennysheep_small_circle
D:6:      cheibriados_altar_1, basic_altar
D:7:      kennysheep_steamy, good_gods_temple_1, fedhas_altar_3,
          grunt_ogre_cave, uniq_menkaure, uniq_crazy_yiuf_cottage
D:8:      lemuel_blue_sif_altar, nicolae_gozag_seed_capital
D:9:      kennysheep_orc_monster_closet_entryway, serial_shops, shop,
          corexii_hall_statues_x, minmay_crystal_water, st_stairs_12,
          grunt_ministairs_12, minivault_20, tgw_trog
D:10:     serial_undead, serial_undead_f, serial_undead_e, serial_undead_d,
          serial_undead_e, grunt_decor_arrowhead
D:11:     erik_lair_orcish_takeover, serial_shops, shop, nicolae_wwwww,
          wad_woods_river_04, nicolae_ru_the_path_less_chosen
D:12:     minmay_bad_star, basic_loot_grate_trap, minmay_misc_feat_enclosed,
          statue_in_the_mist_lemuel, lightli_airlock
Temple:   jpeg_temple_alley_garden

Skill      XL: |  1  2  3  4  5  6  7  8  9 10 11 12 |
---------------+-------------------------------------+-----
Long Blades    | 3 4 5 6 7 9 10 12 13 | 13.5
Dodging        | 3 4 5 6 7 8 9 |  9.4
Fighting       | 5 7 8 9 |  9.8
Shields        | 4 6 |  6.7
Spellcasting   | 3 |  3.6
Invocations    | 3 4 |  4.4

Action                   |  1- 3 |  4- 6 |  7- 9 | 10-12 || total
-------------------------+-------+-------+-------+-------++-------
Melee: Long sword        |    39 |   149 |   395 |       ||   583
       Tailslap          |     6 |    18 |    70 |   137 ||   231
       Double sword      |       |       |   155 |   741 ||   896
Invok: Heroism           |       |       |       |    13 ||    13
       Finesse           |       |       |       |     1 ||     1
 Abil: Breathe Sticky Fl |       |       |    10 |     7 ||    17
Evoke: Wand              |       |       |     7 |       ||     7
  Use: Potion            |       |     1 |     2 |    12 ||    15
       Scroll            |       |     2 |    17 |     9 ||    28
 Stab: Sleeping          |       |       |     2 |       ||     2
       Invisible         |       |       |       |     6 ||     6
  Eat: Chunk             |       |     1 |    32 |    14 ||    47
       Beef jerky        |       |       |     2 |     6 ||     8
       Pizza             |       |       |     1 |     1 ||     2
Armor: Skin              |     4 |    44 |   146 |   114 ||   308
Dodge: Dodged            |    12 |    69 |   209 |   282 ||   572
Block: Shield            |    13 |    71 |   179 |   257 ||   520
